 Dungeon Crawl Stone Soup version 0.27.0-1-g7a089689b8 (webtiles) character file.

Game seed: 10913802934402181958

2579717 p0werm0de the Executioner (level 22, 210/210 HPs)
             Began as a Minotaur Fighter on Aug 11, 2021.
             Was an Elder of Cheibriados.
             Escaped with the Orb
             ... and 3 runes!
             The game lasted 00:22:37 (29414 turns).

p0werm0de the Executioner (Minotaur Fighter)       Turns: 29414, Time: 00:22:37

Health: 210/210    AC: 33    Str: 46    XL:     22   Next: 8%
Magic:  32/32      EV: 14    Int: 17    God:    Cheibriados [****..]
Gold:   1671       SH: 28    Dex: 21    Spells: 21/21 levels left

rFire    + + .     SeeInvis .   a - +8 broad axe (flame)
rCold    + . .     Faith    .   n - +0 tower shield of Rotation {Fly rElec rF++ Int-5}
rNeg     + + +     Spirit   .   S - +6 crystal plate armour
rPois    +         Reflect  .   (helmet unavailable)
rElec    +         Harm     .   T - -2 cloak of the Five Ageing Gods {rElec rN+ Regen+ Int+2}
rCorr    .         Rampage  .   o - +2 pair of gloves
Will     +....                  s - +0 pair of boots
Stlth    ..........             H - amulet of regeneration
HPRegen  2.45/turn              K - ring "Zuen" {rPois rN++ Str+6 Int+3 Stlth-}
MPRegen  0.23/turn              j - +4 ring of slaying

@: flying, studying Short Blades, very slow
A: horns 3, retaliatory headbutt, iridescent scales 1, thin skeletal structure
1, clever 1, clumsy 1, cold resistance 1, deformed body, screaming 2, no potion
heal 1
0: Orb of Zot
}: 3/15 runes: decaying, serpentine, abyssal
a: Renounce Religion, Bend Time, Temporal Distortion, Slouch


You escaped.
You worshipped Cheibriados.
Cheibriados was greatly pleased with you.
You visited 7 branches of the dungeon, and saw 39 of its levels.
You visited the Abyss 1 time.
You also visited: Bailey and Gauntlet.

You collected 4191 gold pieces.
You spent 2520 gold pieces at shops.

Inventory:

Hand Weapons
 a - a +8 broad axe of flaming (weapon)
   (You took it off Maggie on level 10 of the Dungeon)
 b - a +3 demon blade of distortion
   (You took it off a hell knight on level 1 of the Depths)
 A - a +0 war axe of venom
   (You bought it in a shop on level 5 of the Dungeon)
 E - a +2 broad axe of chaos
   (You subdued it on level 9 of the Dungeon)
 F - a +0 war axe
Missiles
 D - 5 throwing nets (quivered)
Armour
 n - the +0 tower shield of Rotation (worn) {Fly rElec rF++ Int-5}
   (You acquired it on level 5 of the Dungeon)

   Int:       It affects your intelligence (-5).
   rF:        It greatly protects you from fire.
   rElec:     It insulates you from electricity.
   Fly:       It grants you flight.
 o - a +2 pair of gloves (worn)
   (You found it on level 4 of the Dungeon)
 s - a +0 pair of boots (worn)
   (You found it on level 5 of the Dungeon)
 x - the +0 hat of Absence {rC+ MP+9 Dex+2 Stlth+}
   (You acquired it on level 12 of the Dungeon)

   Dex:       It affects your dexterity (+2).
   rC:        It protects you from cold.
   MP:        It affects your magic capacity (+9).
   Stlth:     It makes you more stealthy.
 y - a +2 cloak of preservation
   (You took it off Maurice on level 8 of the Dungeon)
 M - the +2 hat of Cynicism {Contam rC+ Will+ Dex+3}
   (You found it in a Gauntlet)

   Dex:       It affects your dexterity (+3).
   rC:        It protects you from cold.
   Contam:    It causes magical contamination when unequipped.
   Will:      It increases your willpower.
 S - a +6 crystal plate armour (worn)
   (You found it on level 3 of the Snake Pit)
 T - the -2 cloak of the Five Ageing Gods (worn) {rElec rN+ Regen+ Int+2}
   (You found it on level 4 of the Swamp)

   Int:       It affects your intelligence (+2).
   rElec:     It insulates you from electricity.
   rN:        It protects you from negative energy.
   Regen:     It increases your rate of health regeneration.
 V - the -2 pair of gloves "Rosazax" {Rampage Regen+ Dex+4 Slay-6}
   (You found it on level 4 of the Swamp)

   Dex:       It affects your dexterity (+4).
   Slay:      It affects your accuracy & damage with ranged weapons and melee
   (-6).
   Regen:     It increases your rate of health regeneration.
   Rampage:   It bestows one free step when moving towards enemies.
   Cheibriados disapproves of the use of such an item.
Jewellery
 i - a ring of see invisible
   (You found it on level 1 of the Dungeon)
 j - a +4 ring of slaying (right hand)
   (You acquired it on level 5 of the Dungeon)
 H - an amulet of regeneration (around neck)
   (You bought it in a shop on level 2 of the Orcish Mines)
 K - the ring "Zuen" (left hand) {rPois rN++ Str+6 Int+3 Stlth-}
   (You found it in a Gauntlet)

   [ring of strength]

   Str:       It affects your strength (+6).
   Int:       It affects your intelligence (+3).
   rPois:     It protects you from poison.
   rN:        It greatly protects you from negative energy.
   Stlth:     It makes you less stealthy.
 Q - a +6 ring of intelligence
   (You found it on level 2 of the Realm of Zot)
 U - the ring of Xeceg {rN+ Will- AC+4 Slay+2 Stlth+}
   (You found it on level 4 of the Swamp)

   [ring of protection]

   AC:        It affects your AC (+4).
   Slay:      It affects your accuracy & damage with ranged weapons and melee
   (+2).
   rN:        It protects you from negative energy.
   Will:      It decreases your willpower.
   Stlth:     It makes you more stealthy.
Wands
 g - a wand of acid (14)
   (You found it on level 5 of the Dungeon)
 v - a wand of digging (8)
   (You found it on level 12 of the Dungeon)
 N - a wand of iceblast (21)
   (You found it on level 4 of the Lair of Beasts)
 O - a wand of mindburst (15)
   (You found it on level 1 of the Snake Pit)
Scrolls
 c - 3 scrolls of silence
 d - a scroll of brand weapon
 h - a scroll of vulnerability
 k - 8 scrolls of immolation
 l - a scroll of enchant armour
 p - 6 scrolls of fear
 r - 17 scrolls of identify
 z - a scroll of blinking
 C - 3 scrolls of torment
 G - 2 scrolls of holy word
 I - 2 scrolls of fog
Potions
 f - 3 potions of mutation
 m - 3 potions of attraction
 q - 7 potions of curing
 u - 6 potions of lignification
 w - 2 potions of heal wounds
 B - a potion of ambrosia
 Z - a potion of magic
Miscellaneous
 J - a box of beasts
   (You found it on level 2 of the Lair of Beasts)
 R - a phantom mirror
   (You found it on level 2 of the Snake Pit)


   Skills:
 * Level 20.3 Fighting
 * Level 22.0 Axes
 * Level 20.4 Armour
 - Level 10.0 Dodging
 - Level 20.0 Shields
 - Level 15.0 Invocations
 - Level 10.0 Evocations


You had 21 spell levels left.
You didn't know any spells.
Your spell library contained the following spells:

 Spells                   Type           Power      Damage    Failure   Level
 Dispersal                Tloc           0%         N/A       100%        6
 Disjunction              Tloc           0%         N/A       100%        8


Dungeon Overview and Level Annotations

Branches:
Dungeon (15/15)            Temple (0/1) D:6            Lair (4/6) D:8
  Swamp (4/4) Lair:4        Snake (4/4) Lair:3          Orc (2/2) D:12
    Elf (0/3) Orc:2        Depths (5/5) D:15            Zot (5/5) Depths:5
 Bailey (visited)         Gauntlet (visited)
 Vaults: D:13-14

Altars:
Cheibriados
Elyvilon
Gozag
Hepliaklqana
Makhleb
Nemelex Xobeh
Okawaru
Qazlal
Sif Muna
Trog
Vehumet
Xom
Beogh

Shops:
D:5 *   D:10 [   Orc:2 =?=(   Snake:3 (?:   Depths:5 !?

Portals:
Hell: Depths:3 Depths:5
Abyss: Snake:4 Depths:1
Pandemonium: Depths:1 Depths:5

Annotations:
D:14 3 runed translucent doors, Qymaymp's ghost, adept GrEE
Lair:2 exclusion: oklob plant
Snake:4 2 transporters, Saint Roka; Skimidon's ghost, adept VSFi; Vashnia
Depths:5 1 runed translucent door, Amikeex's ghost, adept TrMo


Innate Abilities, Weirdness & Mutations

You have a pair of large horns on your head.
You reflexively headbutt those who attack you in melee.
You are partially covered in iridescent scales. (AC +2)
You have a somewhat thin skeletal structure. (Dex +2, Stealth+)
Your mind is acute. (Int +2)
You are clumsy. (Dex -2)
Your flesh is cold resistant. (rC+)
Armour fits poorly on your strangely shaped body.
You frequently scream uncontrollably at your foes.
Potions are less effective at restoring your health.


Message History

You start to feel less resistant.
Your resistance to elements expires.
An Orb Guardian comes into view.
You can't go up here!
Unknown command.
You block the Orb Guardian's attack.
There is an open door here.
You slash the Orb Guardian! You burn the Orb Guardian.
Your headbutt misses the Orb Guardian.
The Orb Guardian is moderately wounded.
You block the Orb Guardian's attack.
You slice the Orb Guardian!! You burn the Orb Guardian.
You headbutt the Orb Guardian!
The Orb Guardian is severely wounded.
You block the Orb Guardian's attack. The Orb Guardian hits you!!
You open the Orb Guardian like a pillowcase!!!
You burn the Orb Guardian.
You kill the Orb Guardian!
Cheibriados appreciates the change of pace.
No target in view!
No target in view!
No target in view!
No target in view!
No target in view!
No target in view!
No target in view!
No target in view!
No target in view!
No target in view!
No target in view!
(D) Dungeon (T) Temple (L) Lair (S) Swamp (P) Snake Pit (O) Orcish Mines (E) Elven Halls (U) Depths (H) Hell (Z) Zot
Where to? (Enter - D:1 @ (x,y), ? - help)
There is an open door here.
There is an open door here.
You reach down and open the door.
There is an open door here.
There is a staircase leading out of the dungeon here.
You have escaped!

#.##....#.......................
#.##....#..........########'####
#.##....#..........# #.#
##.##......##+####### #####'##
#.............# #......#
#..###...###### #......###
#...#.....# ######### #.........
#.#.#.#...###.......## #.........
#.#...######....@....#######.....
#.##)##...................##.....
#.##.#...⌠....##'##....⌠...#.....
#.##.#........#...#........#.....
#....#........+8.8'........#.....
####.###########'###########.####
.......................#.........
....#####.###.####.###.#.#.#....#
.................(...#.#.#.#....'


There were no monsters in sight!

Vanquished Creatures
  A dread lich (Zot:5)
  2 ancient liches (Zot:5)
  5 orbs of fire
  Sojobo (Depths:2)
  5 Killer Klowns (Zot:5)
  4 caustic shrikes (Depths:5)
  A golden dragon (Zot:5)
  A bone dragon (Swamp:4)
  2 electric golems (Zot:5)
  Jorgrun (Swamp:1)
  A Hell Sentinel (D:1)
  2 tentacled monstrosities
  2 liches
  25 Orb Guardians
  A titan (Depths:5)
  Asterion (Depths:2)
  The ghost of Anothat the Devastator, an adept DrCj of Vehumet (Swamp:4)
  A sphinx (Depths:2)
  2 tentacled starspawn (Abyss:5)
  7 death cobs
  2 thorn hunters (Swamp:4)
  An Executioner (D:13)
  5 storm dragons
  3 tengu reavers (Depths:2)
  3 nagarajas
  7 fire giants
  2 frost giants
  4 draconian monks
  A draconian knight (Zot:4)
  2 ghost moths (Abyss:5)
  A cacodemon (D:12)
  A balrug (Depths:3)
  3 draconian scorchers
  3 draconian shifters
  A spriggan defender (Depths:5)
  A draconian annihilator (Zot:4)
  14 very ugly things
  A reaper (Gauntlet)
  7 stone giants
  4 black draconians
  5 white draconians
  A vampire knight (Depths:5)
  2 green draconians
  8 yellow draconians
  4 red draconians
  A lorocyproca (D:11)
  3 bunyips
  3 purple draconians
  2 entropy weavers (Abyss:5)
  A minotaur (Gauntlet)
  An eleionoma (Swamp:2)
  The ghost of Siddir the Blocker, a journeyman MiBe of Trog (Snake:2)
  3 ettins (Depths:5)
  A blizzard demon (D:13)
  4 fire dragons
  A great orb of eyes (Depths:4)
  A monstrous demonspawn (Depths:3)
  A spectral fenstrider witch (Swamp:4)
  Harold (Lair:2)
  5 ice dragons
  Erolcha (D:11)
  2 boulder beetles
  18 naga warriors
  A catoblepas (Lair:3)
  3 hell beasts
  4 spriggan air magi
  2 salamander tyrants (Snake:2)
  8 hydras
  4 ogre magi (Orc:2)
  A juggernaut simulacrum (Depths:2)
  4 ghost crabs
  The ghost of Ge0ff the Grappler, a novice TrFE of Okawaru (D:9)
  A centaur warrior (D:15)
  3 death yaks (Lair:4)
  5 tengu warriors
  20 two-headed ogres
  8 anacondas
  A dancing weapon (D:9)
  2 alligators (Swamp:4)
  3 hell hogs (Depths:5)
  A satyr (Abyss:5)
  2 death knights
  3 naga sharpshooters
  A thrashing horror (Abyss:5)
  2 deep troll earth magi
  5 spriggan berserkers (Depths:5)
  2 deep troll shamans (Depths:2)
  4 hell knights (Depths:1)
  A sun demon (D:5)
  7 shock serpents
  18 spriggans
  A soul eater (Depths:3)
  An iron troll (Depths:3)
  2 wretched stars
  2 goliath frogs (Swamp:3)
  A death drake (Swamp:1)
  A sixfirhy (D:12)
  5 salamander mystics
  6 deep trolls
  A torturous demonspawn (Depths:3)
  A naga ritualist (Snake:3)
  9 bog bodies
  7 spriggan druids
  2 spectral hydras (Swamp:4)
  2 glowing orange brains
  A glowing orange brain (shapeshifter) (Depths:2)
  A golden dragon skeleton (Depths:2)
  6 swamp dragons
  2 fenstrider witch simulacra (Swamp:4)
  3 necromancers
  3 orc knights (Bailey)
  Pikel (D:4)
  2 phantasmal warriors (D:13)
  5 will-o-the-wisps
  A shadow dragon skeleton (Depths:2)
  4 deep elf pyromancers
  A large abomination (Abyss:4)
  5 mana vipers
  2 cyclopes
  18 salamanders
  4 manticores
  A fire giant skeleton (Depths:2)
  15 ugly things
  Maurice (D:8)
  A worldbinder (Abyss:5)
  5 guardian serpents
  19 black mambas
  3 spectral spriggans (Swamp:4)
  6 elephants
  28 naga magi
  4 moths of wrath
  3 smoke demons
  An apocalypse crab (Abyss:5)
  A gargoyle (D:11)
  5 cane toads
  2 kobold demonologists (Bailey)
  An orange demon (D:12)
  A spriggan zombie (Depths:2)
  Maggie (D:10)
  An ice devil (Depths:5)
  A rime drake (Lair:3)
  A freezing wraith (D:13)
  7 hellwings
  11 komodo dragons
  A yaktaur (D:15)
  5 swamp worm zombies (Swamp:4)
  A hydra zombie (Swamp:4)
  3 spectral death drakes (Swamp:4)
  A tengu conjurer (Depths:3)
  An ancient zyme (Abyss:5)
  4 trolls
  A troll (shapeshifter) (D:13)
  Prince Ribbit (D:6)
  3 polar bears
  9 tyrant leeches
  Grinder (D:3)
  3 alligator zombies (Swamp:4)
  2 bloated husks (Swamp:1)
  14 hornets
  3 slime creatures (D:15)
  3 spectral swamp dragons (Swamp:4)
  5 dream sheep (Lair:4)
  19 blink frogs
  4 wraiths
  3 wyverns (Lair:4)
  40 yaks
  A neqoxec (Depths:5)
  11 vampire mosquitoes
  A small abomination (Zot:5)
  2 steam dragons
  Edmund (D:5)
  50 nagas
  An acid dragon (D:12)
  A death drake simulacrum (Swamp:4)
  5 wargs
  11 water moccasins
  10 swamp worms
  6 swamp dragon zombies (Swamp:4)
  33 orc warriors
  A sky beast (D:5)
  An ice beast (D:5)
  3 black bears
  12 wolves
  7 starcursed masses (Abyss:5)
  3 centaurs
  35 ogres
  11 phantoms
  2 kobold brigands
  2 lemures (D:4)
  12 bullfrogs
  2 gnoll sergeants
  2 scorpions (D:4)
  7 killer bees
  4 wights
  7 electric eels
  3 howler monkeys (D:8)
  5 centaur zombies
  2 lava snakes
  19 orc priests
  5 jellies
  Crazy Yiuf (D:5)
  A gnoll shaman (D:8)
  5 hounds
  2 bullfrog skeletons
  A centaur skeleton (D:7)
  6 iguanas
  30 orc wizards
  3 spectral swamp drakes (Swamp:4)
  3 killer bee zombies
  Robin (D:2)
  A howler monkey zombie (D:5)
  A howler monkey skeleton (D:7)
  14 gnolls
  10 adders
  A shadow imp (Gauntlet)
  3 white imps
  2 ufetubi
  5 dart slugs
  93 orcs
  6 endoplasms
  5 giant cockroaches
  26 goblins
  18 hobgoblins
  7 jackals
  6 quokkas
  7 ball pythons
  4 bats
  A frilled lizard (D:3)
  15 kobolds
  4 rats
  A lurking horror (Abyss:5)
  A starspawn tentacle (Abyss:5)
1227 creatures vanquished.

Vanquished Creatures (others)
  A red draconian (Zot:4)
  A hydra (Swamp:3)
  A spriggan air mage (Swamp:3)
  A spriggan (Swamp:3)
  A goliath frog (Swamp:3)
  A phantasmal warrior (Swamp:4)
  2 bloated husks
  A hornet (Swamp:3)
  A naga (Snake:1)
  A swamp worm (Swamp:3)
  A phantom (Swamp:4)
  4 briar patches (Swamp:4)
  4 demonic plants (Gauntlet)
  28 foxfires
  13 fungi
  A lurking horror (Abyss:5)
  25 plants
  3 starspawn tentacles (Abyss:5)
90 creatures vanquished.

Grand Total: 1317 creatures vanquished

Notes
Turn   | Place    | Note
-------+----------+-------------------------------------------
     0 | D:1      | p0werm0de the Minotaur Fighter began the quest for the Orb.
     0 | D:1      | Reached XP level 1. HP: 19/19 MP: 0/0
   114 | D:1      | Reached XP level 2. HP: 27/27 MP: 1/1
   274 | D:1      | Found a faded altar of an unknown god.
   287 | D:1      | Became a worshipper of Cheibriados the Contemplative
   287 | D:1      | Reached * piety under Cheibriados
   751 | D:2      | Noticed Robin
   759 | D:2      | Killed Robin
   760 | D:2      | Reached skill level 3 in Axes
   760 | D:2      | Reached XP level 3. HP: 16/33 MP: 2/2
   766 | D:1      | Reached skill level 1 in Dodging
  1067 | D:2      | Reached XP level 4. HP: 26/40 MP: 3/3
  1199 | D:2      | Reached ** piety under Cheibriados
  2254 | D:3      | Reached XP level 5. HP: 29/47 MP: 4/4
  2403 | D:3      | Reached *** piety under Cheibriados
  2540 | D:3      | Reached skill level 4 in Axes
  2657 | D:3      | Noticed Grinder
  2662 | D:3      | Paralysed by Grinder for 7 turns
  2672 | D:3      | Killed Grinder
  2673 | D:3      | Reached skill level 5 in Fighting
  2673 | D:3      | Reached skill level 5 in Armour
  2673 | D:3      | Reached skill level 5 in Shields
  2673 | D:3      | Reached XP level 6. HP: 16/56 MP: 5/5
  3174 | D:3      | Found an opulent altar of Gozag.
  3177 | D:3      | Found a radiant altar of Vehumet.
  3181 | D:3      | Found a white marble altar of Elyvilon.
  3184 | D:3      | Found a burning altar of Makhleb.
  3267 | D:4      | Reached skill level 5 in Axes
  3267 | D:4      | Reached XP level 7. HP: 61/61 MP: 6/6
  3384 | D:4      | Found a shimmering blue altar of Sif Muna.
  3438 | D:4      | Noticed Pikel
  3449 | D:4      | Killed Pikel
  3449 | D:4      | Reached **** piety under Cheibriados
  3450 | D:4      | Reached skill level 6 in Axes
  3450 | D:4      | Reached XP level 8. HP: 47/71 MP: 7/7
  3809 | D:5      | Entered Level 5 of the Dungeon
  3989 | D:5      | Identified a scroll of acquirement
  3991 | D:5      | Acquired a +4 ring of slaying
  4230 | D:5      | Noticed Edmund
  4236 | D:5      | Killed Edmund
  4237 | D:5      | Reached skill level 7 in Axes
  4389 | D:5      | Reached XP level 9. HP: 79/79 MP: 8/8
  4471 | D:5      | Found Yro Ufaxt's General Store.
  4476 | D:5      | Found Acimoj's Specific Store.
  4480 | D:5      | Bought a +0 war axe of venom for 86 gold pieces
  4763 | D:5      | Found a runed translucent door.
  4764 | D:5      | Noticed Crazy Yiuf
  4771 | D:5      | Killed Crazy Yiuf
  4779 | D:5      | Acquired the +0 tower shield of Rotation {Fly rElec rF++
                  | Int-5}
  4932 | D:5      | Reached ***** piety under Cheibriados
  5068 | D:5      | Found a hazy altar of Hepliaklqana.
  5070 | D:5      | Reached skill level 1 in Invocations
  5387 | D:6      | Noticed Prince Ribbit
  5397 | D:6      | Killed Prince Ribbit
  5436 | D:6      | Reached skill level 1 in Evocations
  5541 | D:6      | Found a staircase to the Ecumenical Temple.
  5934 | D:7      | Reached skill level 8 in Axes
  6386 | D:7      | Reached XP level 10. HP: 90/90 MP: 11/11
  6428 | D:8      | Found a stormy altar of Qazlal.
  6736 | D:8      | Found a staircase to the Lair.
  6831 | D:8      | Reached skill level 5 in Dodging
  7219 | D:8      | Reached ****** piety under Cheibriados
  7547 | D:8      | Noticed Maurice
  7564 | D:8      | Killed Maurice
  7565 | D:8      | Reached skill level 9 in Axes
  7877 | D:9      | Noticed a two-headed ogre
  7886 | D:9      | Killed a two-headed ogre
  8079 | D:9      | Found a runed translucent door.
  8079 | D:9      | Found a shimmering altar of Xom.
  8079 | D:9      | Noticed Ge0ff's ghost (novice TrFE)
  8079 | D:9      | Noticed a +2 broad axe of chaos
  8145 | D:9      | Killed a +2 broad axe of chaos
  8146 | D:9      | Reached XP level 11. HP: 99/99 MP: 11/13
  8149 | D:9      | Killed Ge0ff's ghost
  8198 | D:9      | Reached skill level 5 in Invocations
  8209 | D:9      | Reached skill level 10 in Shields
  8212 | D:9      | Reached skill level 10 in Fighting
  8330 | D:9      | Noticed a two-headed ogre
  8335 | D:9      | Killed a two-headed ogre
  8336 | D:9      | Reached skill level 10 in Armour
  8752 | D:10     | Entered Level 10 of the Dungeon
  8983 | D:10     | Noticed Maggie
  8990 | D:10     | Killed Maggie
  8991 | D:10     | Reached skill level 10 in Axes
  9012 | D:10     | Noticed a two-headed ogre
  9016 | D:10     | Killed a two-headed ogre
  9232 | D:10     | Found Busiat's Antique Armour Shop.
  9242 | D:10     | Bought a dazzling chain mail for 285 gold pieces
  9242 | D:10     | Identified the +1 chain mail of Vuupnoil {rF- Int+2 Dex+6}
                  | (You bought it in a shop on level 10 of the Dungeon)
  9589 | D:10     | Noticed a two-headed ogre
  9595 | D:10     | Killed a two-headed ogre
  9670 | D:10     | Found a sparkling altar of Nemelex Xobeh.
  9756 | D:11     | Noticed a two-headed ogre
  9761 | D:11     | Killed a two-headed ogre
  9822 | D:11     | Noticed a seven-headed hydra
  9829 | D:11     | Killed a ten-headed hydra
  9830 | D:11     | Reached XP level 12. HP: 61/108 MP: 7/15
 10300 | D:11     | Noticed a boulder beetle
 10306 | D:11     | Killed a boulder beetle
 10314 | D:11     | Found a shimmering blue altar of Sif Muna.
 10637 | D:11     | Noticed a death knight
 10639 | D:11     | Noticed Erolcha
 10644 | D:11     | Killed a death knight
 10653 | D:11     | Killed Erolcha
 10880 | D:12     | Found a flagged portal.
 10889 | Bailey   | Entered a bailey
 10953 | Bailey   | Found an iron altar of Okawaru.
 10966 | Bailey   | Reached skill level 11 in Axes
 11606 | D:12     | Acquired the +0 hat of Absence {rC+ MP+9 Dex+2 Stlth+}
 11845 | D:12     | Noticed a boulder beetle
 11855 | D:12     | Killed a boulder beetle
 12187 | D:12     | Found a staircase to the Orcish Mines.
 12582 | Orc:1    | Entered Level 1 of the Orcish Mines
 12722 | Orc:1    | Noticed a two-headed ogre
 12728 | Orc:1    | Killed a two-headed ogre
 12816 | Orc:1    | Found a bloodstained altar of Trog.
 12978 | Orc:2    | Entered Level 2 of the Orcish Mines
 12985 | Orc:2    | Noticed a two-headed ogre
 12987 | Orc:2    | Noticed a two-headed ogre
 12991 | Orc:2    | Noticed a two-headed ogre
 12993 | Orc:2    | Killed a two-headed ogre
 12996 | Orc:2    | Killed a two-headed ogre
 12997 | Orc:2    | Reached XP level 13. HP: 82/117 MP: 17/17
 13117 | Orc:2    | Found a staircase to the Elven Halls.
 13182 | Orc:2    | Found Tukorio's Jewellery Boutique.
 13182 | Orc:2    | Found Coell's Antique Weapon Emporium.
 13183 | Orc:2    | Paralysed by an ogre mage for 3 turns
 13189 | Orc:2    | Reached skill level 12 in Axes
 13189 | Orc:2    | Reached skill level 5 in Evocations
 13189 | Orc:2    | Found Danuryf's Jewellery Shoppe.
 13189 | Orc:2    | Found Isorec's Magic Scroll Boutique.
 13327 | Orc:2    | Bought an amulet of regeneration for 540 gold pieces
 13339 | Orc:2    | Bought a scroll of teleportation for 48 gold pieces
 13339 | Orc:2    | Bought a scroll of teleportation for 48 gold pieces
 13339 | Orc:2    | Bought a scroll of teleportation for 48 gold pieces
 13339 | Orc:2    | Bought a scroll of fear for 56 gold pieces
 13339 | Orc:2    | Bought a scroll of fog for 32 gold pieces
 13339 | Orc:2    | Bought a scroll of fog for 32 gold pieces
 13339 | Orc:2    | Bought a scroll of identify for 32 gold pieces
 13339 | Orc:2    | Bought a scroll of identify for 32 gold pieces
 14098 | Lair:1   | Entered Level 1 of the Lair of Beasts
 15207 | Lair:2   | Reached XP level 14. HP: 122/127 MP: 19/19
 15364 | Lair:2   | Noticed Harold
 15372 | Lair:2   | Killed Harold
 16241 | Lair:3   | Found a gate leading to a gauntlet.
 16275 | Gauntlet | Entered a Gauntlet
 16275 | Gauntlet | Found a transporter.
 16275 | Gauntlet | Found a transporter.
 16275 | Gauntlet | Found a transporter.
 16295 | Gauntlet | Found a transporter.
 16310 | Gauntlet | Found a transporter.
 16311 | Gauntlet | Noticed a reaper
 16326 | Gauntlet | Found a transporter.
 16332 | Gauntlet | Found a transporter.
 16340 | Gauntlet | Found a transporter.
 16357 | Gauntlet | Found a transporter.
 16361 | Gauntlet | Found a large runed translucent door.
 16362 | Gauntlet | Found a large runed translucent door.
 16363 | Gauntlet | Found a large runed translucent door.
 16363 | Gauntlet | Found a large runed translucent door.
 16364 | Gauntlet | Found a runed translucent gate.
 16365 | Gauntlet | Found a transporter.
 16365 | Gauntlet | Found a runed translucent gate.
 16366 | Gauntlet | Found a runed translucent gate.
 16367 | Gauntlet | Found a large runed translucent door.
 16367 | Gauntlet | Found a large runed translucent door.
 16368 | Gauntlet | Found a large runed translucent door.
 16369 | Gauntlet | Found a large runed translucent door.
 16380 | Gauntlet | Found a large runed translucent door.
 16380 | Gauntlet | Found a large runed translucent door.
 16380 | Gauntlet | Found a runed translucent door.
 16380 | Gauntlet | Found a runed translucent door.
 16381 | Gauntlet | Found a large runed translucent door.
 16382 | Gauntlet | Found a large runed translucent door.
 16384 | Gauntlet | Found a transporter.
 16394 | Gauntlet | Found a large runed translucent door.
 16394 | Gauntlet | Found a large runed translucent door.
 16395 | Gauntlet | Found a large runed translucent door.
 16396 | Gauntlet | Found a large runed translucent door.
 16396 | Gauntlet | Found a transporter.
 16446 | Gauntlet | Identified the ring "Zuen" {rPois rN++ Str+6 Int+3 Stlth-}
 16467 | Gauntlet | Killed a reaper
 16477 | Gauntlet | Identified the ring "Coczopno" {rN+ Dex+3 Stlth+}
 16519 | Gauntlet | Identified the +2 hat of Cynicism {Contam rC+ Will+ Dex+3}
 16771 | Lair:3   | Reached skill level 13 in Axes
 16806 | Lair:3   | Found a staircase to the Snake Pit.
 17564 | Lair:4   | Found a staircase to the Swamp.
 17691 | Lair:4   | Reached skill level 10 in Invocations
 18086 | Snake:1  | Entered Level 1 of the Snake Pit
 18289 | Snake:1  | Reached XP level 15. HP: 137/137 MP: 21/21
 18974 | Snake:2  | Found a shimmering altar of Xom.
 18989 | Snake:2  | Found a runed translucent gate.
 18994 | Snake:2  | Found a runed translucent gate.
 18994 | Snake:2  | Found a runed translucent gate.
 18994 | Snake:2  | Noticed Siddir's ghost (journeyman MiBe)
 18999 | Snake:2  | Identified the +4 morningstar of Giclauv {venom, Contam
                  | rPois Str+4 Int+4}
 18999 | Snake:2  | Noticed a nagaraja
 19007 | Snake:2  | Killed a nagaraja
 19013 | Snake:2  | Killed Siddir's ghost
 19022 | Snake:2  | Reached skill level 14 in Axes
 19252 | Snake:2  | Identified the +2 dagger "Lude" {vorpal, Str+2}
 19824 | Snake:2  | Noticed a nagaraja
 19831 | Snake:2  | Killed a nagaraja
 20097 | Snake:3  | Reached XP level 16. HP: 102/147 MP: 23/23
 20301 | Snake:3  | Found Widate Raph's Book Shoppe.
 20473 | Snake:3  | Found Ackyas's Magic Scroll Shop.
 20478 | Snake:3  | Found Texuhiup's Antique Weapon Boutique.
 20480 | Snake:3  | Bought a scroll of enchant armour for 127 gold pieces
 20480 | Snake:3  | Bought a scroll of enchant weapon for 127 gold pieces
 20480 | Snake:3  | Bought a scroll of enchant armour for 127 gold pieces
 20480 | Snake:3  | Bought a scroll of teleportation for 51 gold pieces
 20480 | Snake:3  | Bought a scroll of magic mapping for 59 gold pieces
 20480 | Snake:3  | Bought a scroll of magic mapping for 59 gold pieces
 21151 | Snake:4  | Entered Level 4 of the Snake Pit
 21170 | Snake:4  | Reached skill level 10 in Dodging
 21323 | Snake:4  | Found a transporter.
 21325 | Snake:4  | Found a transporter.
 21325 | Snake:4  | Found a one-way gate to the infinite horrors of the Abyss.
 21325 | Snake:4  | Noticed Skimidon's ghost (adept VSFi)
 21450 | Snake:4  | Reached skill level 15 in Armour
 21450 | Snake:4  | Reached skill level 15 in Shields
 21454 | Snake:4  | Noticed Saint Roka
 21461 | Snake:4  | Reached skill level 15 in Fighting
 21506 | Snake:4  | Noticed Vashnia
 21518 | Snake:4  | Got a serpentine rune of Zot
 21669 | Snake:4  | Reached skill level 15 in Axes
 21838 | Swamp:1  | Entered Level 1 of the Swamp
 22133 | Swamp:1  | Noticed Jorgrun
 22140 | Swamp:1  | Killed Jorgrun
 22816 | Swamp:3  | Reached XP level 17. HP: 80/156 MP: 25/25
 23062 | Swamp:4  | Entered Level 4 of the Swamp
 23120 | Swamp:4  | Found a runed translucent gate.
 23124 | Swamp:4  | Found a runed translucent gate.
 23124 | Swamp:4  | Found a runed translucent gate.
 23128 | Swamp:4  | Noticed Anothat's ghost (adept DrCj)
 23147 | Swamp:4  | Killed Anothat's ghost
 23154 | Swamp:4  | Identified the -2 cloak of the Five Ageing Gods {rElec rN+
                  | Regen+ Int+2}
 23156 | Swamp:4  | Identified the ring of Xeceg {rN+ Will- AC+4 Slay+2 Stlth+}
 23160 | Swamp:4  | Identified the -2 pair of gloves "Rosazax" {Rampage Regen+
                  | Dex+4 Slay-6}
 23470 | Swamp:4  | Noticed a bone dragon
 23495 | Swamp:4  | Killed a bone dragon
 23590 | Swamp:4  | Got a decaying rune of Zot
 23680 | Swamp:2  | Found the -2 hat of the Alchemist {rElec rPois rF+ rC+ rN+
                  | Will+ rMut rCorr}
 23934 | D:13     | Reached skill level 16 in Axes
 24096 | D:14     | Found a runed translucent gate.
 24097 | D:14     | Found a runed translucent gate.
 24097 | D:14     | Found a runed translucent gate.
 24098 | D:14     | Noticed Qymaymp's ghost (adept GrEE)
 24107 | D:15     | Entered Level 15 of the Dungeon
 24722 | D:15     | Found a staircase to the Depths.
 24741 | Depths:1 | Entered Level 1 of the Depths
 24742 | Depths:1 | Acquired a manual of Axes
 24839 | Depths:1 | Cast into level 4 of the Abyss (unwielding a weapon of
                  | distortion)
 24840 | Abyss:4  | Gained mutation: Your magical capacity is low. (-10% MP)
                  | [mutagenic glow]
 24844 | Abyss:4  | Found a corrupted altar of Lugonu.
 24851 | Abyss:4  | Gained mutation: Your body sometimes deteriorates upon
                  | taking damage. [mutagenic glow]
 24861 | Abyss:4  | Found a corrupted altar of Lugonu.
 24893 | Abyss:4  | Found a corrupted altar of Lugonu.
 24907 | Abyss:5  | Entered Level 5 of the Abyss
 24987 | Abyss:5  | Reached XP level 18. HP: 168/168 MP: 10/23
 25005 | Abyss:5  | Got an abyssal rune of Zot
 25021 | Depths:1 | Escaped the Abyss
 25152 | Depths:1 | Acquired 1162 gold pieces
 25200 | Depths:1 | Found a one-way gate leading to the halls of Pandemonium.
 25225 | Depths:1 | Noticed a lich
 25234 | Depths:1 | Killed a lich
 25316 | Depths:2 | Identified the +4 kite shield of Cugelame {rElec rN+++
                  | Will- Int-3}
 25316 | Depths:2 | Noticed Asterion
 25328 | Depths:2 | Killed Asterion
 25359 | Depths:2 | Reached skill level 17 in Axes
 25458 | Depths:2 | Noticed Sojobo
 25465 | Depths:2 | Paralysed by an air elemental for 1 turns
 25477 | Depths:2 | Killed Sojobo
 25782 | Depths:3 | Found a gateway to Hell.
 25829 | Depths:4 | Noticed a lich
 25839 | Depths:4 | Killed a lich
 25840 | Depths:4 | Reached skill level 18 in Axes
 25954 | Depths:5 | Entered Level 5 of the Depths
 25954 | Depths:5 | Found a runed translucent door.
 25954 | Depths:5 | Noticed Amikeex's ghost (adept TrMo)
 25966 | Depths:5 | Reached XP level 19. HP: 150/177 MP: 25/25
 26025 | Depths:5 | Found Nearch's Magic Scroll Shoppe.
 26031 | Depths:5 | Bought a scroll of brand weapon for 380 gold pieces
 26031 | Depths:5 | Bought a scroll of enchant weapon for 142 gold pieces
 26094 | Depths:5 | Gained mutation: You are clumsy. (Dex -2) [a neqoxec]
 26095 | Depths:5 | Gained mutation: You have a pair of large horns on your
                  | head. [a neqoxec]
 26097 | Depths:5 | Gained mutation: You are frail. (-10% HP) [mutagenic glow]
 26179 | Depths:5 | Found Ryluupic's Distillery.
 26183 | Depths:5 | Bought a potion of heal wounds for 55 gold pieces
 26183 | Depths:5 | Bought a potion of curing for 33 gold pieces
 26183 | Depths:5 | Bought a potion of curing for 33 gold pieces
 26183 | Depths:5 | Bought a potion of mutation for 88 gold pieces
 26297 | Depths:5 | Found an iron altar of Okawaru.
 26522 | Depths:5 | Noticed a caustic shrike
 26529 | Depths:5 | Killed a caustic shrike
 26565 | Depths:5 | Noticed a caustic shrike
 26572 | Depths:5 | Killed a caustic shrike
 26598 | Depths:5 | Noticed a caustic shrike
 26599 | Depths:5 | Noticed a caustic shrike
 26606 | Depths:5 | Killed a caustic shrike
 26607 | Depths:5 | Killed a caustic shrike
 26970 | Depths:5 | Reached skill level 19 in Axes
 26988 | Depths:5 | Lost mutation: Your body sometimes deteriorates upon taking
                  | damage. [potion of mutation]
 26988 | Depths:5 | Lost mutation: Your magical capacity is low. (-10% MP)
                  | [potion of mutation]
 26988 | Depths:5 | Gained mutation: You have a somewhat thin skeletal
                  | structure. (Dex +2, Stealth+) [potion of mutation]
 26988 | Depths:5 | Gained mutation: Your magical capacity is low. (-10% MP)
                  | [potion of mutation]
 26988 | Depths:5 | Gained mutation: Your mind is acute. (Int +2) [potion of
                  | mutation]
 26989 | Depths:5 | Lost mutation: You are frail. (-10% HP) [potion of
                  | mutation]
 26989 | Depths:5 | Lost mutation: You are clumsy. (Dex -2) [potion of
                  | mutation]
 26989 | Depths:5 | Lost mutation: Your magical capacity is low. (-10% MP)
                  | [potion of mutation]
 26989 | Depths:5 | Gained mutation: Your flesh is cold resistant. (rC+)
                  | [potion of mutation]
 26989 | Depths:5 | Gained mutation: You are partially covered in iridescent
                  | scales. (AC +2) [potion of mutation]
 27052 | Depths:5 | Found a gate to the Realm of Zot.
 27112 | Zot:1    | Entered Level 1 of the Realm of Zot
 27446 | Zot:4    | Reached skill level 10 in Evocations
 27466 | Zot:4    | Noticed an orb of fire
 27477 | Zot:4    | Gained mutation: You occasionally shout uncontrollably at
                  | your foes. [an orb of fire]
 27481 | Zot:4    | Killed an orb of fire
 27482 | Zot:4    | Reached XP level 20. HP: 100/187 MP: 28/30
 27521 | Zot:5    | Entered Level 5 of the Realm of Zot
 27581 | Zot:5    | Noticed an orb of fire
 27581 | Zot:5    | Noticed a golden dragon
 27593 | Zot:5    | Noticed an ancient lich
 27593 | Zot:5    | Noticed a dread lich
 27600 | Zot:5    | Noticed a Killer Klown
 27601 | Zot:5    | Killed an ancient lich
 27602 | Zot:5    | Reached skill level 20 in Axes
 27603 | Zot:5    | Killed a dread lich
 27603 | Zot:5    | Noticed an orb of fire
 27607 | Zot:5    | HP: 1/189 [acid (20)]
 27836 | Zot:5    | Gained mutation: You are clumsy. (Dex -2) [an orb of fire]
 27845 | Zot:5    | Gained mutation: Armour fits poorly on your strangely
                  | shaped body. [an orb of fire]
 27847 | Zot:5    | Killed an orb of fire
 27848 | Zot:5    | Reached skill level 15 in Invocations
 28038 | Zot:5    | Noticed an orb of fire
 28041 | Zot:5    | Gained mutation: Potions are less effective at restoring
                  | your health. [an orb of fire]
 28055 | Zot:5    | Killed an orb of fire
 28151 | Zot:5    | Killed a golden dragon
 28282 | Zot:5    | Gained mutation: You frequently scream uncontrollably at
                  | your foes. [an orb of fire]
 28283 | Zot:5    | Killed an orb of fire
 28284 | Zot:5    | Reached skill level 21 in Axes
 28284 | Zot:5    | Reached XP level 21. HP: 146/198 MP: 31/31
 28295 | Zot:5    | Noticed an orb of fire
 28304 | Zot:5    | Killed an orb of fire
 28311 | Zot:5    | Noticed a Killer Klown
 28319 | Zot:5    | Noticed a Killer Klown
 28323 | Zot:5    | Killed a Killer Klown
 28331 | Zot:5    | Killed a Killer Klown
 28332 | Zot:5    | Noticed a Killer Klown
 28334 | Zot:5    | Noticed a Killer Klown
 28334 | Zot:5    | Noticed a Killer Klown
 28340 | Zot:5    | Killed a Killer Klown
 28463 | Zot:5    | Killed a Killer Klown
 28497 | Zot:5    | Noticed an ancient lich
 28516 | Zot:5    | Killed an ancient lich
 28522 | Zot:5    | Killed a Killer Klown
 28601 | Zot:5    | Noticed a Killer Klown
 28612 | Zot:5    | Got the Orb of Zot
 28614 | Zot:5    | a Killer Klown changed into a titan
 28624 | Zot:5    | Noticed Yhagatua the pandemonium lord
 29123 | D:12     | Reached XP level 22. HP: 209/209 MP: 32/32
 29143 | D:11     | Reached skill level 22 in Axes
 29414 | D:$      | Escaped with the Orb!

Illustrated notes

Levels and vault maps discovered:
D:1:      giann_wishing_wells, layout_basic,
          shapermc_ecumenical_altar_starsandcircs
D:2:      layout_loops_ring, uniq_robin
D:3:      minmay_razor_zed, layout_rooms, grunt_temple_overflow_cloverleaf,
          kennysheep_generic_room_11, uniq_grinder
D:4:      layout_rooms, mainiacjoe_overflow_chevrons, uniq_pikel
D:5:      minmay_thinvault, layout_loops_corners, kennysheep_little_box,
          hangedman_decor_diamond_cutter, st_stairs_4, nicolae_specific_store,
          hangedman_decor_growths, kennysheep_big_empty_room,
          kennysheep_cluttered_room, minmay_misc_feat_more_columns,
          hangedman_decor_riveting, uniq_edmund, uniq_crazy_yiuf_cottage
D:6:      layout_cave_pools, temple_pool_b, uniq_prince_ribbit1
D:7:      layout_rooms, minivault_23
D:8:      layout_layer_cave, mainiacjoe_overflow_alcove_4,
          erik_lair_orcish_takeover, serial_rivers,
          chequers_serial_rivers_room_a, chequers_serial_rivers_room_a,
          chequers_serial_rivers_small_a, chequers_serial_rivers_micro_a,
          chequers_serial_rivers_large_b, chequers_serial_rivers_room_b,
          kennysheep_generic_room_2, uniq_maurice
D:9:      layout_irregular_city, ebering_ghost_xom
D:10:     layout_loops_ring, nicolae_overflow_hidden_temple, serial_shops,
          nicolae_shop_overgrown_old_shop, grunt_ministairs_3,
          hangedman_decor_points, st_stairs_14, uniq_maggie
D:11:     layout_loops_ring, minmay_misc_feat_tower, grunt_ministairs_12,
          led_sif_book, uniq_erolcha
D:12:     layout_stronghold, orc_0_dummy, enter_bailey_3
D:13:     layout_cave_pools, minmay_circle_x
D:14:     layout_loops_ring, david_vaults_4,
          portal_ice_cave_entry_ice_statue_one, fedhas_altar_fruit_tree,
          gammafunk_ghost_spectres
D:15:     grunt_enter_depths_snipers, layout_irregular_city,
          roderic_lattice_octagonal_star, grunt_decor_junction,
          grunt_ministairs_6
Lair:1:   layout_long_grid
Lair:2:   layout_cave_pods, beast_lair_carwin_5, grunt_megastairs_3, uniq_harold
Lair:3:   layout_regular_city, minmay_snake_entry_guardpost_large,
          gauntlet_entry_generic, grunt_megastairs_2
Lair:4:   layout_roguey, minmay_swamp_entry_swarm, serial_bayou,
          serial_bayou_shore_a, serial_bayou_pond_e, serial_bayou_shore_b,
          serial_bayou_ford_a, st_stairs_12, beast_lair_carwin_3,
          lemuel_fruit_tree
Swamp:1:  layout_basic_swamp, hangedman_swamp_cone, swamp_pool1,
          hangedman_swamp_blocks, nicolae_swamp_super_fun_site, uniq_jorgrun
Swamp:2:  layout_basic_swamp, basic_altar, uniq_louise
Swamp:3:  layout_basic_swamp, infiniplex_staircase_pool, swamp_pool4
Swamp:4:  swamp_pestilence, layout_basic_swamp, gammafunk_ghost_necromancy
Snake:1:  layout_onion, drop_trap
Snake:2:  layout_chambers, basic_altar, gammafunk_ghost_split,
          nicolae_snake_salamander_fort
Snake:3:  layout_layer_cave, serial_shops, nicolae_shop_waterfront,
          minmay_shoptagon
Snake:4:  snake_pit, layout_rooms, gammafunk_ghost_abyssal_escape,
          uniq_saint_roka, uniq_vashnia
Orc:1:    layout_caves, basic_altar, library_closet
Orc:2:    st_orc_ogre_mass, layout_caves, basic_altar, minmay_orc_keep
Depths:1: layout_roguey, lemuel_round_altar, hangedman_abyss_entry_splay,
          grunt_hell_entry_dis_old, grunt_pan_entry_spiral,
          kennysheep_generic_room_13
Depths:2: minmay_the_grid_triangle_9x9_rhombus_full
          [minmay_the_grid_triangle_9x9_steps,
          minmay_the_grid_triangle_9x9_impossible_snake,
          minmay_the_grid_triangle_9x9_cache,
          minmay_the_grid_triangle_9x9_dagger,
          minmay_the_grid_triangle_9x9_subtriangle,
          minmay_the_grid_triangle_9x9_stretched_checkered,
          minmay_the_grid_triangle_9x9_negative_grid,
          minmay_the_grid_triangle_9x9_prize_special], layout_honeycomb,
          enter_ziggurat_b, columned_hall_lemuel, serial_sigils,
          serial_sigils_hangedman_gnaw, serial_sigils_hangedman_confine,
          serial_sigils_hangedman_shear, serial_sigils_hangedman_writhe,
          hell_entry, nicolae_gozag_seed_capital, uniq_asterion, uniq_sojobo
Depths:3: minmay_containers, layout_honeycomb, grunt_mini_vestibule, pan_entry,
          dk_noncrumbling_2, chequers_serial_rivers_micro_c,
          nemelex_spade_bored_becter, infiniplex_staircase_diamond,
          serial_bayou_shore_b
Depths:4: evilmike_negative_zone, layout_gridlike, hangedman_coc_ice_floe,
          abyss_entry_flame_altar, grunt_pan_entry_sceptre,
          lemuel_coloured_pillars_altar, minmay_acid_items,
          infiniplex_staircase_zigzag_1
Depths:5: grunt_zot_entry_hairpin, layout_gridlike, hell_entry,
          gammafunk_ghost_grave, serial_shops, shop, rand_demon_pan_entry_4,
          okawaru_trees_2, small_chamber_with_monster, minmay_shop_star
Zot:1:    lemuel_draconian_sentries, layout_cathedral_of_symmetry
Zot:2:    layout_misc_corridors, lemuel_elevator
Zot:3:    layout_gridlike
Zot:4:    layout_concentric_octagons
Zot:5:    layout_basic, skrybe_zot_glass_3

Skill      XL: |  1  2  3  4  5  6  7  8  9 10 11 12 13 14 15 16 17 18 19 20 21 22 |
---------------+-------------------------------------------------------------------+-----
Fighting       | 4 5 6 7 8 9 10 11 12 13 14 15 16 17 18 19 20 | 20.3
Armour         | 4 5 6 7 8 9 10 11 12 13 14 15 16 17 18 19 20 | 20.4
Shields        | 4 5 6 7 8 9 10 11 12 13 14 15 16 17 18 19 20 | 20.0
Axes           | 3 4 5 6 7 8 9 10 11 12 13 14 15 16 18 19 21 22 | 22.0
Dodging        | 1 2 3 4 5 6 7 8 9 10 | 10.0
Invocations    | 2 4 6 7 9 10 11 12 13 14 15 | 15.0
Evocations     | 1 2 3 4 5 6 7 8 9 10 | 10.0

Action                   |  1- 3 |  4- 6 |  7- 9 | 10-12 | 13-15 | 16-18 | 19-21 | 22-24 || total
-------------------------+-------+-------+-------+-------+-------+-------+-------+-------++-------
Melee: War axe           |    57 |   113 |   164 |   155 |       |       |       |       ||   489
       Headbutt          |     9 |    24 |    53 |   125 |   209 |   299 |   190 |    14 ||   923
       Broad axe         |       |       |       |   208 |   579 |   828 |   551 |    38 ||  2204
Invok: Slouch            |       |       |       |       |     6 |     7 |    19 |       ||    32
       Temporal Distorti |       |       |       |       |     1 |     2 |       |     3 ||     6
       Step From Time    |       |       |       |       |       |       |     1 |       ||     1
Evoke: Wand              |       |       |       |       |     3 |       |       |       ||     3
  Use: Potion            |     2 |     3 |     1 |     5 |     3 |     3 |     9 |     1 ||    27
       Scroll            |     2 |     5 |     7 |     7 |     5 |    30 |    15 |     1 ||    72
 Stab: Distracted        |       |       |       |       |       |       |     2 |       ||     2
Armor: Scale mail        |    30 |    15 |       |       |       |       |       |       ||    45
       Plate armour      |       |    39 |    50 |   121 |   208 |     6 |       |       ||   424
       Crystal plate arm |       |       |       |       |       |   501 |   246 |     9 ||   756
Dodge: Dodged            |    26 |    35 |    42 |   123 |   251 |   383 |   180 |     8 ||  1048
Block: Kite shield       |    34 |    74 |    68 |       |       |       |       |       ||   176
       Tower shield      |       |       |    98 |   483 |   928 |  1273 |   675 |    47 ||  3504
